 Dungeon Crawl Stone Soup version 0.26-a0-712-ga5a9c9c9d0 (webtiles) character file.

Game seed: 3464541437543324015

39 Azzok the Chopper (level 3, 29/29 HPs)
             Began as a Demonspawn Berserker on Nov 5, 2020.
             Was a Follower of Trog.
             Quit the game on level 2 of the Dungeon.
             The game lasted 00:00:44 (1152 turns).

Azzok the Chopper (Demonspawn Berserker)            Turns: 1152, Time: 00:00:44

Health: 29/29      AC:  8    Str: 18    XL:     3   Next: 26%
Magic:  3/3        EV:  7    Int:  8    God:    Trog [*.....]
Gold:   38         SH:  0    Dex: 12    Spells: 2/2 levels left

rFire    . . .     SeeInvis .   i - +2 short sword (speed)
rCold    + . .     Faith    .   (no shield)
rNeg     . . .     Spirit   .   j - +0 chain mail
rPois    .         Reflect  .   (no helmet)
rElec    .         Harm     .   (no cloak)
rCorr    .         Rampage  .   (no gloves)
MR       .....                  (no boots)
Stlth    ..........             (no amulet)
HPRegen  0.09/turn              (no ring)
MPRegen  0.08/turn              (no ring)

@: no status effects
A: cold resistance 1, powered by pain 1
a: Berserk, Renounce Religion


You were on level 2 of the Dungeon.
You worshipped Trog.
Trog was aware of your devotion.
You visited 1 branch of the dungeon, and saw 2 of its levels.

You collected 38 gold pieces.

Inventory:

Hand Weapons
 a - a +0 hand axe
 i - a +2 short sword of speed (weapon)
Armour
 b - a +0 animal skin
 j - a +0 chain mail (worn)
Scrolls
 d - 3 scrolls of identify {unknown}
 e - a scroll of immolation {unknown}
 f - a scroll of enchant weapon {unknown}
 g - a scroll of random uselessness {unknown}
 h - a scroll of teleportation {unknown}
Potions
 c - a potion of haste {unknown}


   Skills:
 - Level 3.0 Fighting
 + Level 4.0 Axes
 - Level 1.7 Armour
 - Level 1.7 Dodging


You had 2 spell levels left.
You didn't know any spells.
Your spell library was empty.

Dungeon Overview and Level Annotations

Branches:
Dungeon (2/15)

Altars:


Innate Abilities, Weirdness & Mutations

Your flesh is cold resistant. (rC+)
You sometimes gain a little power by taking damage.


Message History

You feel a strong urge to attack something.
You feel your anger nearly subside.
You are no longer berserk.
You are exhausted.
You feel yourself slow down.
You feel yourself speed up.
You recover from your berserk rage.
You start waiting.
Done waiting.
Things that are here:
a +2 short sword of speed; a +0 chain mail; the human skeleton of Terence
i - a +2 short sword of speed;
j - a +0 chain mail You start removing your armour.
You continue taking off your +0 animal skin. x4
You finish taking off your +0 animal skin.
You start putting on your armour.
You continue putting on your +0 chain mail. x5
You finish putting on your +0 chain mail.
Your hands tingle!
i - a +2 short sword of speed (weapon)
Are you sure you want to abandon this character and quit the game? (Confirm with "yes".)

▒ ▒▒▒▒▒ ▒·▒▒·▒<··▒
▒·········▒▒▒
▒▒▒▒▒·▒▒····▒▒▒▒▒▒
▒·?···@·······
▒▒▒▒····▒▒▒▒▒▒
▒····▒ ▒▒▒▒▒▒


There were no monsters in sight!

Vanquished Creatures
  Terence (D:2)
  A worm (D:2)
  2 goblins (D:1)
  2 hobgoblins (D:1)
  2 bats (D:1)
  5 rats (D:1)
13 creatures vanquished.

Notes
Turn   | Place    | Note
-------+----------+-------------------------------------------
     0 | D:1      | Azzok the Demonspawn Berserker began the quest for the Orb.
     0 | D:1      | Reached XP level 1. HP: 18/18 MP: 1/1
   231 | D:1      | Reached skill level 3 in Axes
   401 | D:1      | Gained mutation: You sometimes gain a little power by
                  | taking damage. [demonic ancestry]
   401 | D:1      | Reached XP level 2. HP: 24/24 MP: 2/2
   827 | D:2      | Noticed Terence
   834 | D:2      | Killed Terence
   834 | D:2      | Gained mutation: Your flesh is cold resistant. (rC+)
                  | [demonic ancestry]
   834 | D:2      | Reached XP level 3. HP: 14/29 MP: 3/3
   834 | D:2      | Reached skill level 4 in Axes
  1152 | D:2      | Quit the game

Illustrated notes

Levels and vault maps discovered:
D:1:      mainiacjoe_arrival_reflecting_pool, layout_basic
D:2:      layout_basic, lemuel_round_altar, minmay_unequal, uniq_terence,
          uniq_jessica

Skill      XL: |  1  2  3 |
---------------+----------+-----
Axes           | 3 4 |  4.0
Fighting       | |  3.0
Armour         | |  1.7
Dodging        | |  1.7

Action                   || total
-------------------------++-------
Melee: Hand axe          ||    33
Invok: Berserk           ||     1
Armor: Animal skin       ||     7
Dodge: Dodged            ||    26

Table legend: (Time is in decaauts)
 A = Elapsed time spent in this place.
 B = Non-inter-level travel time spent in this place.
 C = Inter-level travel time spent in this place.
 D = Time resting spent in this place.
 E = Time spent auto-exploring this place.
 F = Levels seen in this place.
 G = Mean time per level.
                   A        B        C        D        E       F      G
               +--------+--------+--------+--------+--------+-----+--------+
         Total |   1161 |   1154 |      7 |    309 |    737 |   2 |  580.5 |
       Dungeon |   1161 |   1154 |      7 |    309 |    737 |   2 |  580.5 |
               +--------+--------+--------+--------+--------+-----+--------+

Top non-repeatable levels by time:
     D:1: 831 daAuts
     D:2: 329 daAuts
